 Dungeon Crawl Stone Soup version 0.29-a0-1009-g60c99734e7 (webtiles) character file.

Game seed: 12583356284870206705

3135 Manisian the Unseen (level 9, -3/41 HPs)
             Began as a Spriggan Enchanter on Aug 8, 2022.
             Slain by a hornet (14 damage)
             ... on level 7 of the Dungeon.
             The game lasted 00:14:46 (6845 turns).

Manisian the Unseen (Spriggan Enchanter)            Turns: 6845, Time: 00:14:47

Health: -3/41      AC:  8    Str:  9    XL:     9   Next: 61%
Magic:  9/18       EV: 20    Int: 18    God:
Gold:   392        SH:  0    Dex: 18    Spells: 5/18 levels left

rFire   . . .      SeeInvis +   g - +8 quick blade
rCold   . . .      Faith    .   (no shield)
rNeg    . . .      Spirit   .   b - +2 robe
rPois   .          Reflect  .   (helmet restricted)
rElec   .          Harm     .   y - scarf {repulsion}
rCorr   .          Rampage  .   (gloves unavailable)
Will    +....                   (boots unavailable)
Stlth   ++++++....              h - amulet of Yendor {Fly Regen+ Str+5}
HPRegen 0.93/turn               p - +4 ring of protection
MPRegen 0.16/turn               (no ring)

@: lethally poisoned (-3 -> -7), flying, very slightly contaminated, slowed,
repel missiles, quick
A: very small, no large weapons, unfitting armour, see invisible, speed 3
a: no special abilities


You were on level 7 of the Dungeon.
You visited 1 branch of the dungeon, and saw 9 of its levels.
You also visited: Sewer.

You collected 560 gold pieces.
You spent 168 gold pieces at shops.

Inventory:

Hand Weapons
 a - a +1 dagger
 g - a +8 quick blade (weapon)
Armour
 b - a +2 robe (worn)
 y - a scarf of repulsion (worn)
Jewellery
 d - an amulet of magic regeneration
 h - the amulet of Yendor (around neck) {Fly Regen+ Str+5}
   (You acquired it on level 2 of the Dungeon)

   [amulet of regeneration]

   Str:       It affects your strength (+5).
   Fly:       It grants you flight.
   Regen:     It increases your rate of health regeneration.
 o - a ring of protection from fire
 p - a +4 ring of protection (left hand)
Wands
 m - a wand of digging (2)
Scrolls
 s - 3 scrolls of teleportation
 t - a scroll of butterflies {unknown}
 u - 8 scrolls of identify
 w - 2 scrolls of magic mapping {unknown}
 z - a scroll of immolation {unknown}
Potions
 e - 2 potions of ambrosia
 f - a potion of berserk rage {unknown}
 i - a potion of magic
 j - 5 potions of brilliance
 k - 2 potions of cancellation
 l - a potion of curing
 n - a potion of haste {unknown}
 q - a potion of lignification
 r - a potion of attraction {unknown}
 v - 2 potions of flight {unknown}
 x - a potion of heal wounds {unknown}


   Skills:
 + Level 1.5 Fighting
 + Level 5.5 Short Blades
 + Level 5.5 Dodging
 * Level 15.9 Stealth
 + Level 5.4 Spellcasting
 + Level 5.3 Hexes
 + Level 2.0 Ice Magic


You had 5 spell levels left.
You knew the following spells:

 Your Spells              Type           Power      Damage    Failure   Level
a - Ensorcelled Hibernat  Hex/Ice        36%        N/A       4%          2
b - Tukima's Dance        Hex            24%        N/A       4%          3
c - Dazzling Flash        Conj/Hex       28%        N/A       13%         3
d - Metabolic Englaciati  Hex/Ice        9%         N/A       58%         5

Your spell library contained the following spells:

 Spells                   Type           Power      Damage    Failure   Level
 Confusing Touch          Hex            24%        N/A       4%          3
 Magic Dart               Conj           20%        1d4       12%         1
 Searing Ray              Conj           10%        2d4       19%         2
 Fulminant Prism          Conj/Hex       7%         3d7       38%         4
 Petrify                  Tmut/Erth      4%         N/A       77%         4
 Statue Form              Tmut/Erth      2%         N/A       100%        6


Dungeon Overview and Level Annotations

Branches:
Dungeon (9/15)               Lair (0/5) D:8             Orc (0/2) D:9
  Sewer (visited)
 Temple: D:4-7

Altars:
Fedhas
Kikubaaqudgha

Shops:
D:8 *


Innate Abilities, Weirdness & Mutations

You are very small and have problems with some larger weapons.
You are too small for most types of armour.
You have supernaturally acute eyesight. (SInv)
You cover ground extremely quickly. (Speed+++)


Message History

You feel yourself slow down.
You feel very sick.
You feel sick.
You feel sick. The hornet misses you. The hornet attacks as you move away!
The hornet stings you but does no damage.
You feel sick.
You feel yourself speed up. The hornet closely misses you.
You feel sick.
You see here a +5 war axe.
You feel sick.
Casting: Ensorcelled Hibernation (safe; 4% risk of failure)
Confirm with . or Enter, or press ? or * to list all spells.
Aiming: Ensorcelled Hibernation (safe; 4% risk of failure)
Press: ? - help, Shift-Dir - straight line, f/p - hornet
Aim: a hornet (chance to affect: 42%)
The hornet resists with some effort.
You feel sick. The hornet barely misses you.
Casting: Ensorcelled Hibernation (safe; 4% risk of failure)
Confirm with . or Enter, or press ? or * to list all spells.
Aiming: Ensorcelled Hibernation (safe; 4% risk of failure)
Press: ? - help, Shift-Dir - straight line, f/p - hornet
Aim: a hornet (chance to affect: 42%)
You miscast Ensorcelled Hibernation.
You are very lightly contaminated with residual magic.
Nothing appears to happen.
You feel sick.
You are no longer poisoned.
The hornet stings you!
You are poisoned.
You feel yourself slow down.
Casting: Ensorcelled Hibernation (safe; 4% risk of failure)
Confirm with . or Enter, or press ? or * to list all spells.
Aiming: Ensorcelled Hibernation (safe; 4% risk of failure)
Press: ? - help, Shift-Dir - straight line, f/p - hornet
Aim: a hornet (chance to affect: 42%)
The hornet resists with some effort.
You feel very sick. The hornet stings you!
You die...

#..............### #.# #.#
#.....####.......###.# #.#
#...##≈≈≈#~#.......#.# #.#
....#≈≈≈≈≈≈#..##.#.#.# #.#
...##≈#≈#≈≈##....#.#.# #.#
...~≈≈≈≈≈≈≈≈#.####)#.# #.#
...#≈≈≈≈≈≈#≈~......#.########.#
)).##≈#≈≈≈≈#~.......[.....>##.#
))..~≈≈≈#≈≈#..##@############.#
)...###≈≈##≈..))y.........# #.#
#.....##~#...[##.###......# #.#
#.............##.# #......# #.#
......#####..###.# ##.#######.###
#.##########.###.####=........#..
#................................
#############.##.#.....########..
#........#.#.....########..


You could see a hornet.

Vanquished Creatures
  2 shadows (D:9)
  A water moccasin (D:8)
  Pargi (Sewer)
  2 orc warriors
  2 black bears
  2 centaurs (D:9)
  2 phantoms
  3 kobold brigands
  A gnoll sergeant (D:9)
  2 scorpions (D:5)
  6 wights
  3 troll zombies (D:9)
  5 killer bees
  An electric eel (D:7)
  2 hounds
  5 jellies
  Crazy Yiuf (D:5)
  2 orc priests
  Ijyb (D:4)
  A gnoll bouda (D:8)
  Natasha (thrice) (D:4)
  2 iguanas
  2 orc wizards
  2 ogre zombies (D:9)
  8 gnolls
  5 adders
  2 white imps
  2 ufetubi (D:4)
  3 worms
  12 orcs
  9 ball pythons
  4 endoplasms
  4 giant cockroaches
  7 goblins
  10 hobgoblins
  8 quokkas
  2 bats
  11 frilled lizards
  2 goblin zombies (D:9)
  A hobgoblin zombie (D:9)
  21 kobolds
  4 orc skeletons (D:9)
  9 orc zombies (D:9)
  8 rats
186 creatures vanquished.

Vanquished Creatures (collateral kills)
  A wight (D:7)
1 creature vanquished.

Vanquished Creatures (others)
  A gnoll bouda (D:5)
  An iguana (D:5)
  2 gnolls (D:5)
4 creatures vanquished.

Grand Total: 191 creatures vanquished

Notes
Turn   | Place    | Note
-------+----------+-------------------------------------------
     0 | D:1      | Manisian the Spriggan Enchanter began the quest for the
                  | Orb.
     0 | D:1      | Reached XP level 1. HP: 9/9 MP: 5/5
   386 | D:1      | Reached XP level 2. HP: 13/13 MP: 6/6
   389 | D:1      | Learned a level 2 spell: Ensorcelled Hibernation
   417 | D:1      | Reached skill level 5 in Stealth
  1037 | D:1      | Identified a scroll of acquirement
  1037 | D:1      | Acquired a +6 quick blade
  1143 | D:2      | Reached XP level 3. HP: 16/16 MP: 8/8
  1147 | D:2      | Learned a level 3 spell: Tukima's Dance
  1418 | D:2      | Reached skill level 6 in Stealth
  1541 | D:2      | Identified the +5 ring mail "Hyuloc" {rElec Regen+ Dex+2
                  | Slay+3}
  1547 | D:2      | Found a faded altar of an unknown god.
  2077 | D:2      | Acquired the amulet of Yendor {Fly Regen+ Str+5}
  3192 | D:4      | Noticed Ijyb
  3194 | D:4      | Reached XP level 4. HP: 21/21 MP: 6/9
  3214 | D:4      | Killed Ijyb
  3215 | D:4      | Reached skill level 7 in Stealth
  3240 | D:4      | Noticed a black bear
  3296 | D:4      | Killed a black bear
  3297 | D:4      | Reached XP level 5. HP: 24/24 MP: 2/11
  3414 | D:4      | Found a glowing drain.
  3417 | D:4      | Reached skill level 1 in Ice Magic
  3423 | Sewer    | Entered a sewer
  3497 | Sewer    | Noticed Pargi
  3550 | Sewer    | Killed Pargi
  3551 | Sewer    | Reached skill level 8 in Stealth
  3551 | Sewer    | Reached XP level 6. HP: 29/29 MP: 9/12
  3880 | D:4      | Found an ancient bone altar of Kikubaaqudgha.
  3883 | D:4      | Found a blossoming altar of Fedhas.
  3994 | D:4      | Reached skill level 9 in Stealth
  4080 | D:4      | Noticed Natasha
  4084 | D:4      | Killed Natasha
  4097 | D:4      | Noticed Natasha
  4106 | D:4      | Killed Natasha
  4198 | D:4      | Noticed Natasha
  4206 | D:4      | Killed Natasha
  4372 | D:5      | Entered Level 5 of the Dungeon
  4392 | D:5      | Reached XP level 7. HP: 32/32 MP: 10/13
  4396 | D:5      | Learned a level 3 spell: Dazzling Flash
  4402 | D:5      | Learned a level 5 spell: Metabolic Englaciation
  4430 | D:5      | Reached skill level 10 in Stealth
  4721 | D:5      | Found a runed translucent door.
  4722 | D:5      | Noticed Crazy Yiuf
  4856 | D:5      | Killed Crazy Yiuf
  4857 | D:5      | Reached skill level 11 in Stealth
  5285 | D:6      | Reached skill level 5 in Hexes
  5285 | D:6      | Reached XP level 8. HP: 37/37 MP: 13/15
  5289 | D:6      | Reached skill level 12 in Stealth
  5325 | D:6      | You are sucked into a shaft and drop 3 floors!
  5461 | D:9      | Found a staircase to the Orcish Mines.
  5534 | D:9      | Reached skill level 1 in Fighting
  5547 | D:9      | Reached skill level 13 in Stealth
  5787 | D:9      | Reached skill level 14 in Stealth
  5798 | D:9      | Reached XP level 9. HP: 32/41 MP: 13/17
  5832 | D:9      | Reached skill level 5 in Short Blades
  5915 | D:8      | Found a staircase to the Lair.
  6094 | D:8      | Found Ovolypuyri's Neck Hole.
  6113 | D:8      | Reached skill level 15 in Stealth
  6207 | D:8      | Bought a scarf of repulsion for 168 gold pieces
  6249 | D:7      | Reached skill level 5 in Spellcasting
  6570 | D:7      | Reached skill level 5 in Dodging
  6845 | D:7      | Slain by a hornet

Illustrated notes

Levels and vault maps discovered:
D:1:      dpeg_arrival_short_road, layout_loops_ring
D:2:      layout_basic, shapermc_ecumenical_altar_notcrosses, dk_noncrumbling_4
D:3:      layout_loops_corners
D:4:      layout_loops_ring, grunt_temple_overflow_growth_and_decay,
          gup_sewer_entry_bubbles, nicolae_eternal_life,
          chequers_serial_rivers_micro_a, uniq_natasha, uniq_ijyb
D:5:      layout_basic, lemuel_flame_loot_1, uniq_crazy_yiuf_cottage
D:6:      layout_rooms, minmay_temple_entry_large_hall, serial_shops, shop,
          kennysheep_nondescript, nicolae_underground_beach
D:7:      layout_basic, minivault_4
D:8:      layout_rooms, mainiacjoe_overflow_catch_the_wave, dpeg_oklobed_lair,
          nicolae_shop_sticking_my_neck_out
D:9:      layout_loops_cross, zombieorc1_lemuel, chequers_serial_rivers_small_a

Skill      XL: |  1  2  3  4  5  6  7  8  9 |
---------------+----------------------------+-----
Stealth        | 5 6 7 8 9 11 14 15 | 15.9
Hexes          | 4 5 |  5.3
Spellcasting   | 3 4 5 |  5.4
Dodging        | 3 4 5 |  5.5
Short Blades   | 2 3 4 5 |  5.5
Ice Magic      | 1 2 |  2.0
Fighting       | 1 |  1.5

Action                   |  1- 3 |  4- 6 |  7- 9 || total
-------------------------+-------+-------+-------++-------
Melee: Dagger            |    48 |       |       ||    48
       Quick blade       |    39 |    84 |   263 ||   386
       Punch             |       |       |     3 ||     3
 Cast: Ensorcelled Hiber |    28 |    10 |    32 ||    70
       Tukima's Dance    |     1 |       |     4 ||     5
       Dazzling Flash    |       |       |     4 ||     4
  Use: Scroll            |    14 |     4 |     2 ||    20
       Potion            |       |       |     6 ||     6
 Stab: Sleeping          |    35 |    24 |    36 ||    95
       Distracted        |     1 |     1 |       ||     2
       Invisible         |       |       |    13 ||    13
Armor: Robe              |     2 |    10 |    48 ||    60
Dodge: Dodged            |    44 |    21 |   163 ||   228
       Repelled          |       |       |     1 ||     1

Table legend: (Time is in decaauts)
 A = Elapsed time spent in this place.
 B = Non-inter-level travel time spent in this place.
 C = Inter-level travel time spent in this place.
 D = Time resting spent in this place.
 E = Time spent auto-exploring this place.
 F = Levels seen in this place.
 G = Mean time per level.
                   A        B        C        D        E       F      G
               +--------+--------+--------+--------+--------+-----+--------+
         Total |   4722 |   4515 |    207 |     61 |   3326 |  10 |  472.2 |
       Dungeon |   4561 |   4354 |    207 |     61 |   3250 |   9 |  506.8 |
         Sewer |    160 |    160 |      0 |      0 |     76 |   1 |  160.0 |
               +--------+--------+--------+--------+--------+-----+--------+

Top non-repeatable levels by time:
     D:2: 801 daAuts
     D:1: 784 daAuts
     D:3: 625 daAuts
     D:4: 599 daAuts
     D:5: 574 daAuts
     D:7: 423 daAuts
     D:9: 337 daAuts
     D:8: 297 daAuts
   Sewer: 160 daAuts
     D:6: 117 daAuts
